 Dungeon Crawl Stone Soup version 0.28-a0-105-g49a0850c41 (webtiles) character file.

Game seed: 2947518871276734280

23790 pokeman the Eclecticist (level 12, -25/68 HPs)
             Began as a Deep Elf Hedge Wizard on Aug 11, 2021.
             Was a High Priest of Vehumet.
             Killed from afar by Azrael (34 damage)
             ... with damnation
             ... on level 13 of the Dungeon.
             The game lasted 00:50:01 (17645 turns).

pokeman the Eclecticist (Deep Elf Hedge Wizard)    Turns: 17645, Time: 00:50:02

Health: -25/68     AC: 13    Str: 10    XL:     12   Next: 75%
Magic:  35/35      EV: 13    Int: 25    God:    Vehumet [*****.]
Gold:   935        SH:  0    Dex: 20    Spells: 23/45 levels left

rFire   + . .      SeeInvis +   P - +0 dagger (elec)
rCold   . . .      Faith    .   (no shield)
rNeg    + . .      Spirit   .   E - +4 leather armour of Atacil {Contam rN+ Str+3 SInv}
rPois   .          Reflect  .   q - +2 helmet
rElec   .          Harm     .   r - +0 cloak
rCorr   .          Rampage  .   a - +0 pair of gloves
Will    +....                   (no boots)
Stlth   ++........              e - amulet "Zuhanu" {RegenMP rF+ Dex+6}
HPRegen 0.21/turn               (no ring)
MPRegen 0.49/turn               (no ring)

@: no status effects
A: no striking features
a: Renounce Religion


You were on level 13 of the Dungeon.
You worshipped Vehumet.
Vehumet was extremely pleased with you.
You visited 2 branches of the dungeon, and saw 14 of its levels.

You collected 995 gold pieces.
You spent 60 gold pieces at shops.

Inventory:

Hand Weapons
 c - a +0 shortbow
 P - a +0 dagger of electrocution (weapon)
Missiles
 d - 229 arrows
 g - 102 bolts
Armour
 a - a +0 pair of gloves (worn)
 q - a +2 helmet (worn)
 r - a +0 cloak (worn)
 x - a +1 ring mail of cold resistance
 E - the +4 leather armour of Atacil (worn) {Contam rN+ Str+3 SInv}
   (You found it on level 7 of the Dungeon)

   Str:       It affects your strength (+3).
   rN:        It protects you from negative energy.
   SInv:      It lets you see invisible.
   Contam:    It causes magical contamination when unequipped.
 W - a +2 kite shield
Magical Staves
 M - a staff of cold
Jewellery
 e - the amulet "Zuhanu" (around neck) {RegenMP rF+ Dex+6}
   (You acquired it on level 4 of the Dungeon)

   [amulet of magic regeneration]

   It increases your rate of magic regeneration.
   Dex:       It affects your dexterity (+6).
   rF:        It protects you from fire.
Wands
 b - a wand of digging (9)
 B - a wand of acid (4)
Scrolls
 k - 2 scrolls of blinking
 n - 3 scrolls of magic mapping
 t - 3 scrolls of teleportation
 v - a scroll of torment {unknown}
 w - 2 scrolls of fear {unknown}
 y - 3 scrolls of enchant armour {unknown}
 A - 2 scrolls of noise {unknown}
 C - a scroll of brand weapon {unknown}
 G - 2 scrolls of enchant weapon {unknown}
 T - a scroll of summoning {unknown}
 U - a scroll of immolation {unknown}
 X - a scroll of holy word
Potions
 h - a potion of haste
 p - a potion of magic
 z - 5 potions of curing
 I - a potion of resistance
 S - a potion of attraction
 V - a potion of brilliance
Miscellaneous
 L - a lightning rod (1/4)


   Skills:
 - Level 5.0 Fighting
 - Level 5.0 Armour
 - Level 4.0 Dodging
 - Level 3.0 Stealth
 + Level 2.0 Shields
 * Level 17.2 Spellcasting
 + Level 10.7 Conjurations
 - Level 1.1 Summonings
 - Level 1.1 Translocations
 + Level 10.2 Fire Magic
 - Level 1.0 Air Magic
 - Level 1.0 Poison Magic
 - Level 1.0 Evocations


You had 23 spell levels left.
You knew the following spells:

 Your Spells              Type           Power      Damage    Failure   Level
a - Magic Dart            Conj           100%       1d8       1%          1
b - Mephitic Cloud        Conj/Pois/Air  42%        N/A       1%          3
c - Call Imp              Summ           27%        N/A       3%          2
d - Blink                 Tloc           N/A        N/A       3%          2
e - Conjure Flame         Conj/Fire      65%        6-21      1%          3
f - Fireball              Conj/Fire      32%        3d14      1%          5
g - Starburst             Conj/Fire      32%        8x6d10    1%          6

Your spell library contained the following spells:

 Spells                   Type           Power      Damage    Failure   Level
 Irradiate                Conj/Tmut      24%        3d21      2%          5
 Slow                     Hex            21%        N/A       4%          2
 Portal Projectile        Hex/Tloc       48%        N/A       8%          3
 Ignition                 Fire           32%        3d10      58%         8
 Blade Hands              Tmut           10%        N/A       65%         5
 Excruciating Wounds      Necr           10%        N/A       65%         5


Dungeon Overview and Level Annotations

Branches:
Dungeon (13/15)            Temple (1/1) D:5            Lair (0/6) D:10
    Orc (0/2) D:12         Vaults (0/5) D:13

Altars:
Ashenzari
Dithmenos
Elyvilon
Fedhas
Hepliaklqana
Makhleb
Okawaru
Sif Muna
Trog
Vehumet
Wu Jian
Xom
The Shining One

Shops:
D:3 ?

Annotations:
D:6 1 runed translucent door, indyram44's ghost, novice MiGl
D:13 Azrael


Message History

As you read the scroll of identify, it crumbles to dust.
X - a scroll of holy word Unknown command.
There is an open door here.
You see here a +0 great sword.
A - 2 scrolls labelled VOVIF YTZOALO (gained 1)
You now have 935 gold pieces (gained 20).
You see here a +0 glaive.
Found 11 poisoned darts.
Unknown command.
Unknown command.
Azrael the Boundless Flame comes into view.
He is wielding a +0 scimitar of flaming.
Unknown command.
Aiming: Corrosive Bolt
Press: ? - help, Shift-Dir - straight line, f - Azrael
Aim: Azrael, wielding a +0 scimitar of flaming (wandering, hasn't noticed you, 90% to hit)
The bolt of acid hits Azrael!
Azrael is splashed with acid.
The acid corrodes Azrael!
Azrael is lightly wounded.
You hear two shouts!
You hear a bark!
Azrael gestures at you.
The fireball explodes!
The fireball engulfs you!! You resist.
Unknown command.
Aiming: Corrosive Bolt
Press: ? - help, Shift-Dir - straight line, f/p - Azrael
Aim: Azrael, wielding a +0 scimitar of flaming (lightly wounded, covered in acid, 90% to hit)
The bolt of acid hits Azrael!
Azrael is splashed with acid.
Azrael is moderately wounded.
Azrael gestures at you.
The sphere of damnation explodes!
The damnation engulfs you!!!
Ouch! That really hurt!
* * * LOW HITPOINT WARNING * * *
A fire elemental comes into view.
You hear a bark!
Unknown command.
A hell hound comes into view.
Azrael gestures at you.
The sphere of damnation explodes!
The damnation engulfs you!!
Ouch! That really hurt!
You die...

##.##.###.# #..#
#.##.# #.### #..#
#.##.# #.... #.##.#
####. ..##.# #.
.#.######### ####.# #.
#..........# #.# ##.##
#.########.#
#####...#######.# #.#
..hER.....@..##.# #<#
#○.##...####.##.# #.#
##.##
##.##.########.##
#.####...............#
.....(.....########..)
. ...####....## ##.#
.### ##.#.# #.. ##
#.#.# ### #.#.#


You could see Azrael (corroded) and a fire elemental.

Vanquished Creatures
  A vault guard (D:13)
  A hydra (D:11)
  A centaur warrior (D:13)
  5 two-headed ogres
  A shadow wraith (D:13)
  An orb spider (shapeshifter) (D:13)
  A deep elf pyromancer (D:8)
  3 cyclopes
  3 ugly things
  3 manticores
  3 gargoyles
  An unseen horror (D:11)
  A kobold demonologist (D:8)
  A komodo dragon (D:10)
  A tengu conjurer (D:8)
  3 trolls
  A raiju (shapeshifter) (D:12)
  5 slime creatures
  Sigmund (D:2)
  2 shadows (D:8)
  2 vampires (D:12)
  5 yaks (D:10)
  20 vampire mosquitoes
  A fire elemental (D:13)
  5 steam dragons
  5 water moccasins
  An acid dragon (D:11)
  3 ice beasts (D:6)
  2 black bears
  A sky beast (D:6)
  7 orc warriors
  2 ogres (D:4)
  A necrophage (D:7)
  3 centaurs
  3 phantoms
  A kobold brigand (D:11)
  2 wyvern zombies
  8 bullfrogs
  A gnoll sergeant (D:13)
  A scorpion (D:3)
  A water moccasin skeleton (D:4)
  4 wights
  3 howler monkeys
  A bullfrog zombie (D:6)
  3 hounds
  2 centaur zombies
  2 bullfrog skeletons
  20 orc priests
  8 jellies
  3 centaur skeletons
  2 gnoll shamans
  3 iguanas
  Ijyb (D:4)
  13 orc wizards
  A hound skeleton (D:5)
  Robin (D:2)
  17 gnolls
  A howler monkey skeleton (D:7)
  12 adders
  A white imp (D:8)
  2 worms
  3 dart slugs
  51 orcs
  6 ball pythons
  8 bats
  20 endoplasms
  2 giant cockroaches (D:1)
  14 goblins
  11 hobgoblins
  10 jackals
  4 quokkas
  2 frilled lizards
  11 kobolds
  5 rats
361 creatures vanquished.

Vanquished Creatures (collateral kills)
  Crazy Yiuf (D:2)
1 creature vanquished.

Vanquished Creatures (others)
  An orc wizard (D:8)
  95 fungi
  39 plants (D:10)
135 creatures vanquished.

Grand Total: 497 creatures vanquished

Notes
Turn   | Place    | Note
-------+----------+-------------------------------------------
     0 | D:1      | pokeman the Deep Elf Hedge Wizard began the quest for the
                  | Orb.
     0 | D:1      | Reached XP level 1. HP: 10/10 MP: 7/7
   148 | D:1      | Reached XP level 2. HP: 16/16 MP: 2/9
   516 | D:1      | Reached skill level 5 in Spellcasting
   669 | D:1      | Reached XP level 3. HP: 20/20 MP: 8/11
   676 | D:1      | Learned a level 3 spell: Mephitic Cloud
   679 | D:1      | Learned a level 2 spell: Call Imp
   682 | D:1      | Learned a level 2 spell: Blink
   686 | D:1      | Learned a level 3 spell: Conjure Flame
  1130 | D:2      | Found a burning altar of Makhleb.
  1142 | D:2      | Reached skill level 1 in Armour
  1210 | D:2      | Reached skill level 1 in Fighting
  1294 | D:2      | Found a runed translucent door.
  1295 | D:2      | Noticed Crazy Yiuf
  1624 | D:2      | Noticed Sigmund
  1632 | D:2      | Killed Sigmund
  1633 | D:2      | Reached skill level 6 in Spellcasting
  1633 | D:2      | Reached XP level 4. HP: 25/25 MP: 6/14
  1633 | D:2      | Reached XP level 5. HP: 29/29 MP: 6/16
  1784 | D:2      | Noticed Robin
  1794 | D:2      | Killed Robin
  2033 | D:2      | Reached XP level 6. HP: 34/34 MP: 11/17
  2631 | D:2      | Killed Crazy Yiuf
  2632 | D:2      | Reached skill level 7 in Spellcasting
  2852 | D:3      | Reached skill level 1 in Air Magic
  3490 | D:3      | Found a radiant altar of Vehumet.
  3503 | D:3      | Reached skill level 1 in Poison Magic
  3517 | D:3      | Became a worshipper of Vehumet
  3617 | D:3      | Found a hazy altar of Hepliaklqana.
  3667 | D:3      | Found a blossoming altar of Fedhas.
  3776 | D:3      | Found an ornate altar of the Wu Jian Council.
  3777 | D:3      | Found a shadowy altar of Dithmenos.
  3937 | D:3      | Found Maninot's Magic Scroll Shoppe.
  3942 | D:3      | Bought a scroll of identify for 24 gold pieces
  3942 | D:3      | Bought a scroll of teleportation for 36 gold pieces
  3984 | D:3      | Found a faded altar of an unknown god.
  4134 | D:4      | Reached XP level 7. HP: 38/38 MP: 8/20
  4364 | D:4      | Reached skill level 8 in Spellcasting
  4364 | D:4      | Reached skill level 1 in Evocations
  4385 | D:4      | Noticed Ijyb
  4403 | D:4      | Killed Ijyb
  4879 | D:4      | Reached * piety under Vehumet
  4879 | D:4      | Offered knowledge of Freeze by Vehumet.
  4952 | D:4      | Reached skill level 9 in Spellcasting
  4958 | D:4      | Identified a scroll of acquirement
  4961 | D:4      | Acquired the amulet "Zuhanu" {RegenMP rF+ Dex+6}
  5041 | D:4      | Reached XP level 8. HP: 44/44 MP: 20/23
  5532 | D:5      | Entered Level 5 of the Dungeon
  5944 | D:5      | Reached skill level 5 in Conjurations
  6406 | D:5      | Reached skill level 10 in Spellcasting
  6591 | D:5      | Found a staircase to the Ecumenical Temple.
  7274 | D:6      | Reached XP level 9. HP: 48/48 MP: 23/25
  7412 | D:6      | Found a bloodstained altar of Trog.
  7488 | D:6      | Reached skill level 11 in Spellcasting
  7549 | D:6      | Offered knowledge of Searing Ray by Vehumet.
  7590 | D:6      | Reached skill level 5 in Fire Magic
  7693 | D:6      | Found a shimmering altar of Xom.
  7699 | D:6      | Found a glowing golden altar of the Shining One.
  7801 | D:6      | Found a runed translucent door.
  7803 | D:6      | Noticed indyram44's ghost (novice MiGl)
  7838 | D:6      | Reached ** piety under Vehumet
  8191 | D:7      | Noticed a cyclops
  8291 | D:7      | Identified the +4 leather armour of Atacil {Contam rN+
                  | Str+3 SInv}
  8468 | D:7      | Reached skill level 12 in Spellcasting
  8724 | D:7      | Found a glowing golden altar of the Shining One.
  8835 | D:7      | Killed a cyclops
  9007 | D:7      | Offered knowledge of Inner Flame by Vehumet.
  9008 | D:7      | Reached XP level 10. HP: 56/56 MP: 28/28
  9197 | D:8      | Reached *** piety under Vehumet
  9231 | D:8      | Noticed a two-headed ogre
  9376 | D:8      | Reached skill level 13 in Spellcasting
  9711 | D:8      | Offered knowledge of Sticky Flame by Vehumet.
  9836 | D:8      | Noticed a deep elf pyromancer
  9953 | D:8      | Killed a deep elf pyromancer
 10087 | D:8      | Identified the +3 hand axe of Dits {antimagic, rElec Str+4
                  | Int-5}
 10327 | D:8      | Killed a two-headed ogre
 10462 | D:8      | Noticed a brown ugly thing
 10476 | D:8      | Killed a brown ugly thing
 10477 | D:8      | Reached skill level 14 in Spellcasting
 10484 | D:8      | Noticed a manticore
 10510 | D:8      | Killed a manticore
 10511 | D:8      | Reached XP level 11. HP: 38/61 MP: 21/31
 10911 | D:9      | Found an iron altar of Okawaru.
 10915 | D:9      | Noticed a two-headed ogre
 10926 | D:9      | Killed a two-headed ogre
 11342 | D:9      | Reached **** piety under Vehumet
 11505 | D:9      | Found a white marble altar of Elyvilon.
 11507 | D:9      | Found a shimmering blue altar of Sif Muna.
 11918 | D:10     | Entered Level 10 of the Dungeon
 12026 | D:10     | Found a broken altar of Ashenzari.
 12509 | D:10     | Offered knowledge of Dazzling Flash by Vehumet.
 12591 | D:10     | Acquired a book of Fire
 12599 | D:10     | Learned a level 5 spell: Fireball
 12606 | D:10     | Learned a level 6 spell: Starburst
 12741 | D:10     | Found a staircase to the Lair.
 13176 | D:11     | Reached skill level 15 in Spellcasting
 13740 | D:11     | Noticed a two-headed ogre
 13990 | D:11     | Killed a two-headed ogre
 14103 | D:11     | Noticed a five-headed hydra
 14109 | D:11     | Killed a five-headed hydra
 14110 | D:11     | Reached skill level 5 in Armour
 14412 | D:12     | Noticed a two-headed ogre
 14416 | D:12     | Killed a two-headed ogre
 14427 | D:12     | Reached XP level 12. HP: 66/66 MP: 3/33
 14531 | D:11     | HP: 1/66 [gargoyle/stone arrow (26)]
 14537 | D:11     | Reached skill level 16 in Spellcasting
 14996 | D:12     | Reached skill level 10 in Conjurations
 15572 | D:12     | Found a staircase to the Orcish Mines.
 16128 | Temple   | Entered the Ecumenical Temple
 16373 | D:13     | Noticed a centaur warrior
 16377 | D:13     | Killed a centaur warrior
 16387 | D:13     | Reached ***** piety under Vehumet
 16393 | D:12     | Offered knowledge of Irradiate by Vehumet.
 16790 | D:13     | Reached skill level 5 in Fighting
 16966 | D:13     | Reached skill level 1 in Shields
 16995 | D:13     | Noticed a vault guard
 17013 | D:13     | Reached skill level 10 in Fire Magic
 17068 | D:13     | Killed a vault guard
 17069 | D:13     | Reached skill level 17 in Spellcasting
 17292 | D:13     | Noticed a two-headed ogre
 17295 | D:13     | Killed a two-headed ogre
 17483 | D:13     | Found a gate to the Vaults.
 17640 | D:13     | Noticed Azrael
 17645 | D:13     | Killed from afar by Azrael

Illustrated notes

Levels and vault maps discovered:
D:1:      lemuel_arrival_lava_pool, layout_rooms
D:2:      layout_loops_corners, basic_altar, uniq_robin,
          uniq_crazy_yiuf_cottage, uniq_sigmund
D:3:      layout_basic, amcnicky_altar_gilded,
          mainiacjoe_overflow_catch_the_wave, grunt_temple_overflow_open,
          serial_shops, shop, ebering_ecumenical_altar_abandoned
D:4:      layout_basic, uniq_ijyb
D:5:      layout_gridville, minmay_temple_entry_hall
D:6:      layout_rooms, amethyst_overflow_temple_binary, lemuel_tele_altar,
          ebering_ghost_reflecting_pool
D:7:      lemuel_slime, layout_rooms, minmay_ruined_shrine
D:8:      layout_cave_pools, fungi_pond_lemuel, minmay_the_grid_2x2
          [minmay_the_grid_spikes, minmay_the_grid_dragon_a,
          minmay_the_grid_empty, minmay_the_grid_prize_trominoes]
D:9:      layout_grid_maze, chequers_temple_overflow_statue_of_worship,
          okawaru_gym_becter
D:10:     layout_loops_ring, nicolae_ashenzari_panopticon,
          due_lair_maze_entry_diamond
D:11:     layout_basic
D:12:     layout_long_grid, hiddenorc1_lemuel, st_stairs_7
D:13:     layout_loops_ring, david_vaults_4, nicolae_blasting_shop, uniq_azrael
Temple:   cyrus_temple_forest

Skill      XL: |  1  2  3  4  5  6  7  8  9 10 11 12 |
---------------+-------------------------------------+-----
Spellcasting   | 5 6 7 9 10 12 14 15 17 | 17.2
Armour         | 1 2 3 5 |  5.0
Fighting       | 1 2 3 4 5 |  5.0
Conjurations   | 3 4 5 7 8 9 10 | 10.7
Fire Magic     | 2 3 4 6 7 9 10 | 10.2
Dodging        | 3 4 |  4.0
Air Magic      | 1 |  1.0
Poison Magic   | 1 |  1.0
Stealth        | 3 |  3.0
Evocations     | 1 |  1.0
Shields        | 2 |  2.0
Summonings     | |  1.1
Translocations | |  1.1

Action                   |  1- 3 |  4- 6 |  7- 9 | 10-12 || total
-------------------------+-------+-------+-------+-------++-------
Melee: Dagger            |     8 |    31 |   113 |    97 ||   249
 Cast: Magic Dart        |    82 |    98 |   303 |   213 ||   696
       Mephitic Cloud    |     1 |     8 |    24 |    28 ||    61
       Conjure Flame     |     1 |     7 |    27 |    36 ||    71
       Call Imp          |       |     4 |     5 |     8 ||    17
       Blink             |       |     1 |     8 |    14 ||    23
       Fireball          |       |       |       |   117 ||   117
       Starburst         |       |       |       |    11 ||    11
Evoke: Wand              |       |       |       |     5 ||     5
       Lightning rod     |       |       |       |     4 ||     4
  Use: Scroll            |       |       |     9 |    11 ||    20
 Stab: Confused          |       |     7 |     6 |    11 ||    24
       Distracted        |       |       |       |     1 ||     1
Armor: Robe              |     4 |     9 |     8 |       ||    21
       Leather armour    |       |       |    67 |    77 ||   144
Dodge: Dodged            |    11 |    18 |   125 |   133 ||   287

Table legend: (Time is in decaauts)
 A = Elapsed time spent in this place.
 B = Non-inter-level travel time spent in this place.
 C = Inter-level travel time spent in this place.
 D = Time resting spent in this place.
 E = Time spent auto-exploring this place.
 F = Levels seen in this place.
 G = Mean time per level.
                   A        B        C        D        E       F      G
               +--------+--------+--------+--------+--------+-----+--------+
         Total |  17661 |  16567 |   1094 |   2252 |  11657 |  14 | 1261.5 |
       Dungeon |  17628 |  16538 |   1090 |   2252 |  11657 |  13 | 1356.0 |
        Temple |     33 |     30 |      3 |      0 |      0 |   1 |   33.0 |
               +--------+--------+--------+--------+--------+-----+--------+

Top non-repeatable levels by time:
     D:2: 1804 daAuts
    D:11: 1696 daAuts
     D:5: 1690 daAuts
     D:4: 1509 daAuts
    D:10: 1379 daAuts
    D:12: 1350 daAuts
     D:8: 1310 daAuts
     D:9: 1275 daAuts
     D:7: 1273 daAuts
     D:3: 1177 daAuts
     D:6: 1156 daAuts
     D:1: 1039 daAuts
    D:13: 964 daAuts
  Temple: 33 daAuts
